[Event "Czech Championship U20 Open 2023"]
[Site "Jaromerice nad Rokytnou"]
[Date "2023.03.16"]
[Round "9.4"]
[White "Mica, Marek"]
[Black "Mach, Petr"]
[Result "1-0"]
[ECO "B06"]
[WhiteElo "2248"]
[BlackElo "2167"]
[Annotator "TA"]
[PlyCount "65"]
[EventDate "2023.03.10"]
[EventType "tourn"]
[EventCountry "CZE"]
[SourceTitle "playchess.com"]
[Source "ChessBase"]
[SourceQuality "1"]
[TimeControl "40/5400+30:1800+30"]

1. d4 g6 2. e4 Bg7 3. Be3 c5 4. c3 Qb6 5. Qd2 d6 6. Na3 {[%emt 0:00:56] B06: Modern Defence.} cxd4 {[%emt 0:00:40] [#]} 7. cxd4 $146 (7. Bxd4 Bxd4 8. cxd4 Nf6 $11) ({Predecessor:} 7. Bxd4 Bxd4 8. cxd4 Nf6 9. Bb5+ Bd7 10. Bxd7+ Nbxd7 11. f3 Rc8 12. Ne2 O-O 13. O-O Rc7 14. Rfc1 Rfc8 15. Rxc7 Rxc7 16. Rc1 a6 17. Rxc7 Qxc7 18. Qc3 {½-½ Szilagyi,G-Horvath,P (2100) HUN-chT2 Barcza 0203 2002 (5)}) 7... Nc6 (7... d5 $14) 8. Bb5 (8. Nb5 $1 $18 {and the rest is easy.}) 8... Bd7 $16 9. d5 Qa5 (9... Nd4 $2 10. Bxd7+ Kxd7 11. Rd1 $18) 10. Qxa5 Nxa5 11. Rb1 {[%emt 0:02:54] Black is weak on the light squares} b6 (11... Bxb5 $1 $14 12. Nxb5 Rc8) 12. Ba6 {[%emt 0:06:07] Strongly threatening b4.} Bc8 13. Bd3 Nf6 14. f3 O-O 15. Ne2 (15. b4 $5 Nb7 16. Nb5 $14) 15... Nb7 16. b4 {[%emt 0:03:38] White is more active.} a5 17. bxa5 (17. Bxb6 axb4 18. Nc2 Nc5 19. Nxb4 Nxd3+ 20. Nxd3 Ba6 $15) (17. b5 $14) 17... Rxa5 (17... Nc5 $15 18. Bb5 (18. Bxc5 bxc5 19. Nc4 Nd7 $11) 18... Rxa5) 18. Nc4 $11 Rxa2 19. Nc1 Rxg2 20. Nd2 {[%emt 0:01:29] [#]} Bg4 21. h3 ({White should try} 21. fxg4 $16 {Hoping for h3.} Nxg4 22. Bxb6) 21... Bc8 22. Bf1 Rg3 (22... Rxd2 $1 $11 23. Kxd2 Nd7) 23. Kf2 $1 $16 Nh5 24. Ne2 $36 {[%emt 0:00:43][%mdl 2048] White is really pushing.} f5 (24... Be5 $2 25. Nc4 (25. Rxb6 f5 $16) 25... f5 26. Nxe5 $18 (26. Bxb6 fxe4 27. Nxe5 dxe5 $17)) 25. exf5 (25. Rxb6 $142 {exf5 is the strong threat.} Bf6 26. Nxg3) 25... Be5 26. Rxb6 {[%emt 0:05:30] Bh6 would be deadly.} Nc5 {[%emt 0:01:43] [#]} 27. Bxc5 {[%emt 0:01:00][%mdl 64] Remove Defender} dxc5 {[%emt 0:00:04] [#]} 28. Ne4 {[%emt 0:00:58] Prevents Rg5.} c4 $2 {[%emt 0:02:42] Black cannot hold the game after this.} 29. Rc6 $18 ({Not} 29. N2xg3 Bd4+ 30. Kg2 Nf4+ 31. Kh2 Bxb6 32. Bxc4 gxf5 33. d6+ e6 $11) (29. N4xg3 Nxg3 30. Nxg3 Bd4+ 31. Kg2 Bxb6 $11) 29... Rxf3+ 30. Kxf3 Bxf5 31. Ke3 ({Worse is} 31. Rxc4 Bxh3+ 32. Ke3 Bxf1 $15) 31... Bg7 32. Bg2 ({Much less strong is} 32. Rxc4 Bh6+ 33. Kd4 Bg7+ 34. Kd3 Ra8 $18) 32... Bh6+ 33. Kd4 {[%emt 0:00:15] Weighted Error Value: White=0.20 (precise) /Black=0.37} 1-0

[Event "Czech Championship U20 Open 2023"]
[Site "Jaromerice nad Rokytnou"]
[Date "2023.03.16"]
[Round "9.5"]
[White "Gnojek, Petr"]
[Black "Jares, Michal"]
[Result "1/2-1/2"]
[ECO "E71"]
[WhiteElo "2313"]
[BlackElo "2177"]
[Annotator "TA"]
[PlyCount "183"]
[EventDate "2023.03.10"]
[EventType "tourn"]
[EventCountry "CZE"]
[SourceTitle "playchess.com"]
[Source "ChessBase"]
[SourceQuality "1"]
[TimeControl "40/5400+30:1800+30"]

1. d4 Nf6 2. c4 g6 3. Nc3 Bg7 4. e4 d6 5. h3 O-O 6. Be3 Nbd7 7. Nge2 {[%emt 0:06:50] E71: King's Indian: 4 e4 d6 5 h3.} e5 8. d5 Nh5 {[%emt 0:08:05] [#]} 9. Qd2 $146 {[%emt 0:05:40] White is better.} (9. g4 $5 Nf4 10. Nxf4 exf4 11. Bxf4 $11) ({Predecessor:} 9. g3 f5 10. exf5 gxf5 11. g4 fxg4 12. hxg4 Nf4 13. Qc2 h6 14. O-O-O Nc5 15. Nxf4 exf4 {1-0 Storme,I (2397)-Mikhailov,V (2428) Titled Arena Apr 3rd blitz 2021}) 9... a5 (9... f5 $14 {might be stronger.} 10. Bg5 Ndf6) 10. O-O-O Nc5 (10... f5 $14 11. exf5 gxf5) 11. g4 $1 $16 Nf4 12. Nxf4 exf4 13. Bxf4 a4 {[%emt 0:01:13][%cal Ba5a4,Ba4a3,Ba3b2][%mdl 32] [#]} 14. e5 a3 15. Bd3 $2 (15. b3 $11) 15... dxe5 (15... Bxe5 16. Bxe5 axb2+ 17. Qxb2 dxe5 18. Kb1 $17) 16. Be3 axb2+ 17. Kb1 Nxd3 18. Qxd3 Bd7 19. Bc5 Re8 20. f3 b6 (20... Qh4 $19 21. Bb4 f5 22. gxf5 gxf5) 21. Bb4 $17 Ra7 {[%emt 0:11:03] Strongly threatening ...Qa8.} 22. Nb5 (22. a3 $17) 22... Ra4 (22... Bxb5 $19 23. cxb5 Qf6) 23. Qb3 Bxb5 24. cxb5 Qa8 (24... Ra7 $17 25. d6 Qd7) 25. Rhe1 $1 $11 Bf8 (25... Qa7 {feels hotter.} 26. Re4 Ra8 27. a3 Bf8) 26. Bxf8 Rxf8 27. Kxb2 Qa5 28. Re4 Rd4 29. Rdxd4 (29. Rxe5 $2 Rb4 30. Re3 Rxb5 $19) (29. a4 {looks sharper.} Rd2+ 30. Kc1 Rh2 31. Rc4) 29... exd4 {[%emt 0:00:01][%mdl 4096] Endgame KQR-KQR} 30. Kc2 Qa8 (30... Ra8 {is interesting.} 31. Kd3 Kf8 32. Rxd4 Qa3) 31. Rxd4 Qd8 32. Qc3 Qd6 33. a4 Qh2+ 34. Kb3 {[%emt 0:00:06] Active counter play!} Qh1 (34... Re8 $16 {is a better defense.}) 35. Ka3 (35. Qxc7 $2 Qb1+ 36. Ka3 Qa1+ 37. Kb3 Qxd4 $19) ({Better is} 35. d6 $1 $18 cxd6 36. Rxd6) 35... Ra8 (35... Rd8 $16 {might work better.}) 36. d6 $18 (36. Qxc7 $2 {perishes.} Qa1+ 37. Kb3 Qxd4 $19) 36... cxd6 37. Rxd6 Qg1 38. Rc6 $2 (38. h4 $1 $18) 38... Rf8 $2 (38... Qd1 $16) 39. Rc8 (39. a5 $18) 39... Rxc8 $2 (39... Qd1 $16 {keeps fighting.} 40. Rxf8+ Kxf8) 40. Qxc8+ $16 {[%emt 0:00:05] KQ-KQ} Kg7 41. Qc3+ Kg8 42. h4 ({White has to play} 42. a5 $18 {a6 is the strong threat.} bxa5 43. Ka4 (43. Qxa5 Qa1+ 44. Kb4 Qe1+ 45. Ka4 Qa1+ 46. Kb4 Qe1+ 47. Ka4 Qa1+ 48. Kb4 $11)) 42... Qd1 43. h5 Qd6+ (43... gxh5 $16 {was worth a try.} 44. gxh5 Qd6+ 45. Kb2 h6) 44. Kb2 $18 gxh5 45. gxh5 h6 46. Qc8+ $1 Kg7 47. Qg4+ Kh8 (47... Kf8 $16 48. Qc8+ Kg7) 48. Kc2 Qc5+ 49. Kd2 $1 Kh7 50. Kd3 Qa3+ 51. Ke2 Qb2+ 52. Kf1 Qa1+ 53. Kg2 Qb2+ 54. Kh3 $1 Qa1 (54... Qc3 $142 55. Qf4 Kg8) 55. Qf4 Kg7 56. Kg4 Qc3 57. Qe4 $2 (57. Kg3 $18) 57... Qc8+ $2 (57... Qc5 $1 $11) 58. Kg3 {[%emt 0:00:05] Threatens to win with Qg4+.} Qc3 59. Qg4+ Kf6 60. Qf4+ Kg7 61. Qe4 Qf6 $2 (61... Qc5 $16) 62. f4 $2 (62. Qg4+ $18 {and the rest is easy.} Kf8 63. Qf4) 62... Qd8 63. Qe3 {[%emt 0:02:34][%cal Oa4a5] Repels Qd2. Hoping for a5!} Kh7 $2 (63... Kf8 $16 64. Qa3+ Kg7) 64. Qc3 $2 (64. a5 $1 $18 bxa5 65. b6) 64... Qd6 (64... Qd1 $1 $11) 65. Qc4 (65. Qb3 $142 $1 Qe7 66. Kf3) 65... Kg7 (65... Kg8 $16) 66. Qc3+ Kh7 $1 67. Qe3 $2 (67. Qb3 $16 Qe7 68. Kf3) 67... Qd8 $1 {[%emt 0:00:27] [#]} 68. a5 $1 bxa5 {[%emt 0:00:41] [#]} (68... Qg8+ 69. Kf3) 69. b6 $1 Qd5 {[%emt 0:00:41] Against Qe4+} (69... Qd7 $142 70. Qb3 Qb7 71. Qd3+ Kg7) 70. Qf3 Qb5 {[%emt 0:00:53] [#]} 71. b7 $2 (71. Qe4+ $1 {mates} Kg8 72. Qa8+ Kh7 73. b7 Qxh5 74. Qa6 Qd5 75. b8=Q Qd4 76. Qe5) 71... f5 $1 $11 {[%emt 0:00:31] The position is equal.} 72. Kh3 a4 73. Qg2 {[%emt 0:01:05] Threatening mate with Qg6+.} Kh8 $1 74. Qf3 {[%emt 0:00:27] Intending Qc3+ and mate.} Kh7 75. Qg2 {[%emt 0:00:36] White wants to mate with Qg6+.} Kh8 $1 76. Qg6 Qxb7 77. Qxh6+ Kg8 78. Qg6+ Kh8 79. Qf6+ Kg8 80. Qg6+ Kh8 {[%emt 0:00:11] ( -> ...Qh1+)} 81. Qf6+ Kg8 {[%emt 0:00:22] ...Qf3+ would be deadly.} 82. Qxf5 Qb3+ 83. Kh4 a3 84. Qg6+ Kh8 85. Qf6+ Kg8 86. Qg6+ Kh8 87. Qf6+ Kh7 88. Qe7+ Kh8 89. Qf8+ Kh7 90. Qe7+ Kh8 91. Qe8+ Kh7 92. Qe7+ {[%emt 0:00:34] What a bad dream for Black.   Weighted Error Value: White=0.30/Black=0.41} 1/2-1/2

[Event "Czech Championship U20 Open 2023"]
[Site "Jaromerice nad Rokytnou"]
[Date "2023.03.16"]
[Round "9.6"]
[White "Smolik, Jachym"]
[Black "Svanda, Ondrej"]
[Result "1/2-1/2"]
[ECO "D38"]
[WhiteElo "2297"]
[BlackElo "2366"]
[Annotator "TA"]
[PlyCount "62"]
[EventDate "2023.03.10"]
[EventType "tourn"]
[EventCountry "CZE"]
[SourceTitle "playchess.com"]
[Source "ChessBase"]
[SourceQuality "1"]
[TimeControl "40/5400+30:1800+30"]

1. d4 {[%emt 0:00:01] Sumets,Andrey} Nf6 2. Nf3 e6 3. c4 d5 4. Nc3 Bb4 5. Bg5 h6 6. Bxf6 Qxf6 7. Qa4+ Nc6 8. e3 O-O {[%emt 0:00:20] D38: Queen's Gambit Declined: Ragozin Defence (4 Nf3 Bb4).} 9. Be2 dxc4 10. O-O Bd6 {[%emt 0:02:07] The position is equal.} 11. Qxc4 e5 12. d5 {[%emt 0:01:17] [#]} Nb8 $146 ({Predecessor:} 12... Nd8 13. Rac1 Qe7 14. Nb5 Bf5 15. Nxd6 cxd6 16. Nd2 f6 17. Qc7 Rf7 18. Qxe7 Rxe7 {1-0 Gelfand,B (2764)-Moiseenko,A (2699) FIDE World Cup 2013 (3.1)}) 13. Ne4 Qe7 14. Rac1 {[%emt 0:04:37] Nxd6 is the strong threat.} Na6 15. Nxd6 (15. Qb3 $14) 15... cxd6 $11 16. Nd2 {[%emt 0:09:25] Black is weak on the light squares} Bd7 17. b4 Rfc8 18. Qb3 Nc7 19. b5 Qd8 20. a4 Ne8 21. Qb4 Rxc1 22. Rxc1 Rc8 23. Rxc8 Qxc8 24. Nc4 Qc7 25. f3 f6 26. Kf2 Kf8 27. Bd3 Kf7 {[%emt 0:04:59] [#]} 28. Ke2 {[%emt 0:02:24] White is more active.} (28. b6 $1 $16 axb6 29. Nxb6) 28... b6 29. Kd2 Bc8 30. h4 Bb7 31. e4 Ke7 {[%emt 0:01:41] Weighted Error Value: White=0.10 (very precise) /Black=0.10 (very precise)} 1/2-1/2

[Event "Czech Championship U20 Open 2023"]
[Site "Jaromerice nad Rokytnou"]
[Date "2023.03.17"]
[Round "10.1"]
[White "Hlavina, Matous"]
[Black "Svanda, Ondrej"]
[Result "0-1"]
[ECO "B48"]
[WhiteElo "2091"]
[BlackElo "2366"]
[Annotator "TA"]
[PlyCount "74"]
[EventDate "2023.03.10"]
[EventType "tourn"]
[EventCountry "CZE"]
[SourceTitle "playchess.com"]
[Source "ChessBase"]
[SourceQuality "1"]
[TimeControl "40/5400+30:1800+30"]

1. e4 c5 2. Nf3 e6 3. d4 cxd4 4. Nxd4 Nc6 5. Nc3 Qc7 6. Be3 a6 7. g4 {[%emt 0:00:05] 7.g4 is the modern continuation. B48: Sicilian: Taimanov: 5 Nc3 Qc7 6 Be3 a6 without Be2.} b5 8. Nxc6 Qxc6 9. Qd2 {[%emt 0:00:08] The position is equal.} Bb7 10. Bg2 Nf6 11. f3 d6 12. O-O-O {[%emt 0:00:44] [#]} Rc8 $146 ({Predecessor:} 12... Be7 13. g5 Nd7 14. f4 Nb6 15. Qd4 Nc4 16. h4 b4 17. Ne2 Rc8 18. c3 O-O 19. Kb1 d5 20. e5 Qb5 21. Bc1 bxc3 22. b3 Na3+ 23. Bxa3 c2+ {0-1 Marinakis,H (2118)-Alexakis,D (2486) GRE-ch 71st Athens 2022 (8)}) 13. Kb1 Be7 14. h4 Nd7 15. Ne2 Ne5 16. Nd4 Qc7 17. Bg5 Nc4 18. Qc1 d5 19. Bf1 (19. exd5 $11 {remains equal.} Bxg5 20. Qxg5) 19... dxe4 $17 20. Bxc4 bxc4 (20... Qxc4 $2 21. Bxe7 Kxe7 22. Qg5+ Ke8 23. Qxg7 $18) 21. fxe4 c3 {[%emt 0:03:14] White must now prevent ...cxb2.} (21... Bxe4 $2 22. Rhe1 $18) 22. b3 Bc5 (22... Bxe4 $2 23. Rhe1 $18) 23. Rhe1 O-O $1 24. h5 Qb6 25. Nf3 f6 26. Be3 Rfd8 {[%emt 0:01:08] Hoping for ...Rxd1.} (26... Bxe4 $2 27. Bxc5 Bxc2+ 28. Qxc2 $18) (26... Rcd8 {simplifies} 27. Rxd8 Rxd8 28. Bxc5 Qxc5 29. h6 gxh6 30. a4 Rd6) 27. Bxc5 Qxc5 28. g5 $2 (28. h6 $17) 28... f5 $2 (28... Rxd1 $19 {is more deadly.} 29. Qxd1 fxg5) 29. g6 {[%emt 0:05:55] [#] And now gxh7+ would win.} h6 ({Reject} 29... Bxe4 $6 30. gxh7+ Kh8 31. Ng5 $14) 30. Rxd8+ Rxd8 31. Rd1 Rd6 {[%emt 0:01:48] Black is more active.} ({Much less strong is} 31... Rxd1 32. Qxd1 Qf8 33. Qd7 fxe4 34. Ne1 $16 (34. Qxe6+ Kh8 $11)) ({Better is} 31... Re8 $17 32. Qf4 Bxe4) 32. a4 $2 (32. Rxd6 $11 Qxd6 33. Qe1) 32... Bxe4 $19 33. Ng1 Qb4 34. Ka2 Bd5 (34... Rd2 $142 35. Rxd2 cxd2) 35. Kb1 {[%emt 0:04:44] [#]} Bxb3 $1 {[%emt 0:00:45][%mdl 512] Black mates.} 36. Rxd6 (36. Rd3 Bc4+) 36... Bc4+ 37. Ka1 Qxa4+ {[%emt 0:00:01] Weighted Error Value: White=0.76/Black=0.31} 0-1

[Event "Czech Championship U20 Open 2023"]
[Site "Jaromerice nad Rokytnou"]
[Date "2023.03.17"]
[Round "10.2"]
[White "Jares, Michal"]
[Black "Smolik, Jachym"]
[Result "1-0"]
[ECO "A06"]
[WhiteElo "2177"]
[BlackElo "2297"]
[Annotator "TA"]
[PlyCount "82"]
[EventDate "2023.03.10"]
[EventType "tourn"]
[EventCountry "CZE"]
[SourceTitle "playchess.com"]
[Source "ChessBase"]
[SourceQuality "1"]
[TimeControl "40/5400+30:1800+30"]

1. Nf3 d5 2. g3 Nc6 3. d4 Bg4 4. Bg2 Qd7 5. h3 Bh5 6. O-O {[%emt 0:01:54] D02: 1 d4 d5 2 Nf3 sidelines, including 2...Nf6 3 g3 and 2...Nf6 3 Bf4.} e6 {[%emt 0:02:57] [#]} 7. c4 $1 O-O-O 8. Nc3 {[%emt 0:10:27] White is slightly better.} f6 {[%emt 0:02:48] [#]} 9. Qa4 $146 ({Predecessor:} 9. cxd5 exd5 10. Qa4 Kb8 11. Ne1 Nge7 12. Nd3 Nc8 13. e3 Nb6 14. Qb3 Na5 15. Qc2 {½-½ Iljushin,A (2521)-Shukh,N (2425) Volga Region-ch 12th 2014 (7)}) 9... Kb8 10. Rd1 g5 (10... Be8 $11) 11. c5 $16 Nce7 12. Qa3 (12. Nb5 a6 13. Nc3 Qxa4 14. Nxa4 Nc6 $15) 12... g4 13. hxg4 Bxg4 14. b4 $1 h5 15. b5 ({White should play} 15. Nh4 $1) 15... Nc8 (15... Ng6 $142) 16. Bf4 (16. Nh4 $1 $16) 16... Bxf3 17. Bxf3 Bh6 18. c6 $1 {[%emt 0:09:47] White is much more active.} (18. Bxh5 $2 Bxf4 19. Bf3 Qg7 $19) 18... Qg7 {[%emt 0:07:32] [#]} (18... Qe7 $16 19. Qxe7 Ngxe7) 19. Bxh6 $2 (19. cxb7 $1 $18 Bxf4 20. bxc8=N Rxc8 21. Qa6) 19... Rxh6 $4 (19... Nxh6 $11 {and Black has nothing to worry.} 20. cxb7 (20. Bxh5 $2 Nf5 $19) 20... Nd6) 20. Na4 $18 (20. cxb7 Nd6 $18) 20... h4 21. cxb7 Nd6 (21... Nb6) 22. Nc5 {[%emt 0:02:57] aiming for Rac1.} hxg3 23. Na6+ (23. Nxe6 $2 gxf2+ 24. Kxf2 Rh2+ 25. Ke3 Nc4+ 26. Kd3 Qg6+ 27. Kc3 Nxa3 $19) (23. Rac1 $142 {Na6+ is the strong threat.} Rh7 24. Na6+ {[%mdl 64] Discovered Attack, Double Attack} (24. Nxe6 Qh6 $11) 24... Kxb7 25. Qc3 (25. Nxc7 gxf2+ 26. Kxf2 Rh2+ 27. Ke3 Qh6+ 28. Kd3 Qh7+ 29. Ke3 Qh6+ 30. Kd3 Qh7+ 31. Ke3 Qh6+ $11)) 23... Kxb7 {[%emt 0:00:01] [#] Threatens to win with ...gxf2+.} 24. Qc5 $40 {[%emt 0:01:24][%mdl 128] White is out for blood.} (24. Qc3 $1 $18 gxf2+ 25. Kxf2 Rh2+ 26. Ke3 Nf5+ 27. Kd3) 24... gxf2+ 25. Kxf2 Rh2+ 26. Kf1 {[%emt 0:00:40][%mdl 1024] White has strong compensation. The board is on fire.} Kc8 $4 {[%emt 0:06:55][%mdl 8192] This costs Black the game.} (26... Qd7 $16) 27. Qc6 {[%emt 0:01:14] Threatening mate with Rac1.} Nb7 $2 (27... Re8 28. Rac1 Kd8) 28. Rac1 Rd7 29. Nc5 Qh7 30. Qxb7+ Kd8 31. Nxd7 Qh3+ 32. Ke1 Qh4+ 33. Kd2 Qf4+ 34. Kd3 Rh4 {[%emt 0:01:51] [#]} 35. Qxa7 $1 {[%emt 0:01:04] Nf8 would kill now.} Kxd7 (35... Rh5 36. Qb8+) 36. Rg1 Ne7 37. Qc5 {[%emt 0:00:34] White wants to mate with Rg7.} e5 38. dxe5 (38. Qxc7+ $142 Ke8 39. Qb8+ Kd7 40. Rc7+ Ke6 41. Rxe7+ Kxe7 42. Qc7+ (42. Bxd5 $2 {perishes.} e4+ {[%mdl 64] Discovered Attack} 43. Kc4 Qxb8 $19) 42... Ke6 43. Bxd5+ {[%mdl 64] Decoy} Kxd5 44. Qd7#) 38... fxe5 39. Qxc7+ {[%emt 0:00:19] White mates.} Ke8 40. Qb8+ Kf7 {[%emt 0:00:08] [#]} 41. Bxd5+ $1 Nxd5 {[%emt 0:02:22] An interesting game.   Weighted Error Value: White=0.63/Black=1.18} 1-0

[Event "Czech Championship U20 Open 2023"]
[Site "Jaromerice nad Rokytnou"]
[Date "2023.03.17"]
[Round "10.3"]
[White "Mach, Petr"]
[Black "Gnojek, Petr"]
[Result "0-1"]
[ECO "B08"]
[WhiteElo "2167"]
[BlackElo "2313"]
[Annotator "TA"]
[PlyCount "54"]
[EventDate "2023.03.10"]
[EventType "tourn"]
[EventCountry "CZE"]
[SourceTitle "playchess.com"]
[Source "ChessBase"]
[SourceQuality "1"]
[TimeControl "40/5400+30:1800+30"]

1. Nf3 g6 2. d4 Bg7 3. e4 d6 4. Nc3 Nf6 5. Bc4 O-O 6. O-O Nxe4 7. Nxe4 d5 8. Bd3 dxe4 9. Bxe4 Nd7 10. Bg5 {[%emt 0:05:54] B08: Pirc Defence: Classical System.} Nf6 11. Bd3 Bg4 12. c3 {[%emt 0:00:30] The position is equal.} Qd5 {[%emt 0:00:27] [#] ...Bxf3 would be deadly.} 13. Bf4 Bxf3 14. Qxf3 Qxf3 15. gxf3 {[%emt 0:00:07] [#]} Rac8 $146 ({Predecessor:} 15... c6 16. a4 Nd5 17. Bd2 e5 18. dxe5 Bxe5 19. Bc4 Bf4 20. Rfd1 Bxd2 21. Rxd2 Nb6 {½-½ Team Rex-Team Randy Sinquefield Cup Ultimate Moves rapid 2014 (2)}) 16. Be4 c6 17. Be5 Nd5 18. Rfe1 e6 19. Bxg7 Kxg7 20. Rad1 Rfd8 21. Kg2 Nf4+ 22. Kg3 g5 23. b4 h6 24. Bc2 b6 25. Bb3 Kf6 26. Re5 Ke7 27. h4 Ng6 {[%emt 0:00:48][%csl LRe5,LRh4] White got outplayed after the opening.   Weighted Error Value: White=0.14 (very precise) /Black=0.04 (flawless)} 0-1

[Event "Czech Championship U20 Open 2023"]
[Site "Jaromerice nad Rokytnou"]
[Date "2023.03.17"]
[Round "10.4"]
[White "Ocelak, Jakub"]
[Black "Mica, Marek"]
[Result "1/2-1/2"]
[ECO "A15"]
[WhiteElo "2190"]
[BlackElo "2248"]
[Annotator "TA"]
[PlyCount "60"]
[EventDate "2023.03.10"]
[EventType "tourn"]
[EventCountry "CZE"]
[SourceTitle "playchess.com"]
[Source "ChessBase"]
[SourceQuality "1"]
[TimeControl "40/5400+30:1800+30"]

1. c4 Nf6 2. Nf3 e6 3. Nc3 d5 4. d4 dxc4 5. Qa4+ Nbd7 6. e4 a6 7. Bxc4 Rb8 8. Bd3 {[%emt 0:02:16] D23: Queen's Gambit Accepted: 3 Nf3 Nf6 sidelines.} b5 9. Qc2 {[%emt 0:03:56] Black should prevent e5.} Bb7 {[%emt 0:00:57] The position is equal.} 10. O-O c5 11. Bf4 Rc8 12. d5 {[%emt 0:01:05] aiming for dxe6.} c4 13. dxe6 fxe6 14. Be2 Bb4 {[%emt 0:04:36] [#]} (14... Be7 {looks sharper.} 15. Ng5 Nc5 16. Rad1 Nfd7) 15. Ng5 $146 {[%emt 0:03:32] And now e5 would win.} ({Predecessor:} 15. e5 Bxc3 16. bxc3 Nd5 17. Bg3 O-O 18. Nd4 Nc5 19. a4 Nf4 20. Rfd1 Qg5 21. axb5 axb5 {0-1 Opocensky,K-Lundin,E Olympiad-08 Final A 1939 (12)}) 15... e5 16. Bd2 Nc5 17. Rad1 O-O 18. Nxb5 {[%emt 0:04:14][%mdl 64] [#] Discovered Attack} axb5 19. Bxb4 Qb6 20. Bxc4+ bxc4 21. Qxc4+ Kh8 {[%emt 0:00:55] White must now prevent ...Na6.} 22. Bxc5 Rxc5 23. Nf7+ Kg8 24. Nh6+ {[%emt 0:00:05][%mdl 64] [#] Discovered Attack (Double check)} Kh8 25. Nf7+ Kg8 26. Nh6+ {[%emt 0:00:05][%mdl 64] Discovered Attack (Double check)} Kh8 27. Nf7+ Kg8 28. Nh6+ {[%emt 0:00:04][%mdl 64] Discovered Attack (Double check)} Kh8 29. Nf7+ Kg8 30. Nh6+ {[%emt 0:00:03][%mdl 64] Discovered Attack (Double check)} Kh8 {A rather calm draw.   Weighted Error Value: White=0.02 (flawless) /Black=0.01 (flawless)} 1/2-1/2

[Event "Czech Championship U20 Open 2023"]
[Site "Jaromerice nad Rokytnou"]
[Date "2023.03.17"]
[Round "10.5"]
[White "Hrbek, Stepan"]
[Black "Frank, Adam"]
[Result "1/2-1/2"]
[ECO "A05"]
[WhiteElo "2340"]
[BlackElo "2391"]
[Annotator "TA"]
[PlyCount "110"]
[EventDate "2023.03.10"]
[EventType "tourn"]
[EventCountry "CZE"]
[SourceTitle "playchess.com"]
[Source "ChessBase"]
[SourceQuality "1"]
[TimeControl "40/5400+30:1800+30"]

1. Nf3 Nf6 2. g3 g6 3. b3 Bg7 4. Bb2 d6 5. d4 O-O 6. Bg2 Ne4 {[%emt 0:01:49] A49: 1 d4 Nf6 2 Nf3 g6 3 g3: Anti-King's Indian systems.} 7. Nbd2 {[%emt 0:05:10] has lost popularity (7.0-0).} Nxd2 8. Qxd2 c5 {[%emt 0:00:04] White is slightly better.} 9. c4 cxd4 10. Nxd4 Qb6 11. O-O {[%emt 0:01:29] [#]} Nc6 $146 ({Predecessor:} 11... Bd7 12. Rac1 a5 13. Bc3 Re8 14. Qb2 a4 15. Nb5 Bxc3 16. Nxc3 Bc6 17. Rfd1 axb3 18. axb3 {1-0 Muse,M (2443)-Degraeve,J (2551) Bundesliga 0607 2006 (2.3)}) 12. Nxc6 bxc6 13. Bxg7 Kxg7 14. Qc3+ Kg8 {[%emt 0:00:11] [#]} 15. c5 $1 dxc5 16. Rac1 Bb7 17. Qxc5 Rfd8 18. Qg5 (18. Bxc6 Qxc5 19. Rxc5 Bxc6 20. Rxc6 Rd2 $11) (18. Qxe7 {is interesting.} Re8 19. Qf6 Rxe2 20. Rfe1) 18... a5 19. Rc4 Qb5 (19... f6 $142 20. Qc1 Rd6) 20. Qe3 $16 (20. Qxe7 Re8 21. Qf6 Rxe2 $14) 20... Rd6 (20... Rd7 $16 {was worth a try.}) 21. Rh4 (21. Qxe7 $6 Re6 22. Qd7 Rxe2 $16) (21. a4 $1 $18 Qf5 22. Qxe7) 21... h5 22. Qxe7 Re6 23. Qc7 (23. Qd7 {simplifies} Rxe2 24. Re4 Rxe4 25. Bxe4 Qb4 26. Bf3) 23... Rc8 24. Qd7 {[%emt 0:00:08] Strongly threatening Rf4.} Rxe2 25. Rd1 {[%emt 0:05:27] Threatens to win with Rf4.} Qc5 26. Rf4 {[%emt 0:02:34] Active counter play!} (26. Qxb7 $2 {leads to mate.} Qxf2+ 27. Kh1 Qxg2#) 26... Re7 27. Qd2 Rce8 28. Bf3 {[%emt 0:01:19] Against Re2} Ba6 29. Kg2 Be2 30. Rc1 Bxf3+ 31. Rxf3 Qb6 32. Rc4 Qc7 (32... c5 $14) 33. Ra4 (33. Qc3 {feels hotter.} Re6 34. Rc5 Ra8 35. Rf4) 33... Re5 34. h4 Rd5 35. Qc3 Re6 36. Rc4 Rd1 37. Rd4 Rxd4 38. Qxd4 Qe5 (38... Rd6 $11 39. Qe5 c5) 39. Qxe5 Rxe5 {[%emt 0:00:03][%mdl 4096] Endgame KR-KR} 40. Rf4 Kf8 41. Rc4 {[%emt 0:32:44] Against Rc5} Re2 {[%emt 0:30:05] [#]} 42. Ra4 ({Reject} 42. Rxc6 $6 Rxa2 43. Rc5 Rb2 $11) ({White has to play} 42. a4 $1 $16) 42... Re5 $11 43. Rc4 ({White should play} 43. f3 $11) 43... Re2 $16 {[%emt 0:00:00] [#]} 44. Ra4 ({Of course not} 44. Rxc6 $6 Rxa2 45. Rc5 Ke7 $11) (44. a4 $1 $16) 44... Re5 $11 {[%emt 0:00:00] The position is equal.} 45. Kf3 Ke7 46. Re4 Kd6 47. Rxe5 Kxe5 {[%emt 0:00:00] KP-KP} 48. Ke3 f6 49. f4+ Kd5 50. Kd3 {[%emt 0:00:00] Ke3 is the strong threat.} Kc5 51. g4 {[%emt 0:00:00] Black must now prevent f5.} f5 52. g5 Kd5 53. Ke3 Kc5 $1 54. Kd3 (54. a3 $5) 54... Kd5 55. Ke3 Kc5 $1 {[%emt 0:00:05] Weighted Error Value: White=0.19 (very precise) /Black=0.13 (very precise)} 1/2-1/2